 Dungeon Crawl Stone Soup version 0.30.1-11-g7821555f0a (webtiles) character file.

Game seed: 2800546448943154808

37 Martska the Trooper (level 3, -10/29 HPs)
             Began as a Demonspawn Fighter on Dec 13, 2023.
             Mangled by a gnoll
             ... wielding a +0 halberd
              (11 damage)
             ... on level 2 of the Dungeon.
             The game lasted 00:01:06 (1221 turns).

Martska the Trooper (Demonspawn Fighter)            Turns: 1221, Time: 00:01:06

Health: -10/29     AC:  6    Str: 18    XL:     3   Next: 21%
Magic:  3/3        EV:  9    Int:  9    God:
Gold:   127        SH:  4    Dex: 12    Spells: 2/2 levels left

rFire   . . .        j - +2 dagger (venom)
rCold   . . .        c - +0 buckler
rNeg    . . .        b - +0 scale mail
rPois   .            (no helmet)
rElec   .            (no cloak)
rCorr   .            (no gloves)
SInv    .            (no boots)
Will    .....        (no amulet) Stlth
                     (no ring)
HPRegen 0.24/turn    (no ring)
MPRegen 0.08/turn

%: no passive effects
@: no status effects
A: demonic guardian 2
a: no special abilities


You were on level 2 of the Dungeon.
You visited 1 branch of the dungeon, and saw 2 of its levels.

You collected 127 gold pieces.

Inventory:

Hand Weapons
 a - a +0 trident
 j - a +2 dagger of venom (weapon)
Armour
 b - a +0 scale mail (worn)
 c - a +0 buckler (worn)
Scrolls
 e - 4 scrolls of teleportation {unknown}
 h - a scroll of magic mapping {unknown}
 i - a scroll of butterflies {unknown}
 k - a scroll of vulnerability {unknown}
Potions
 d - a potion of might
 f - a potion of degeneration {unknown}
 g - a potion of invisibility
 l - a potion of brilliance {unknown}
 m - a potion of magic {unknown}


   Skills:
 * Level 3.4 Fighting
 - Level 1.7 Polearms
 + Level 2.9 Armour
 * Level 1.4 Dodging
 + Level 2.9 Shields


You had 2 spell levels left.
You didn't know any spells.
Your spell library contained the following spells:

 Spells                   Type           Power      Damage    Failure   Level
 Beastly Appendage        Tmut           0%         N/A       86%         1
 Scorch                   Fire           0%         2d5       94%         2
 Wereblood                Tmut           0%         N/A       94%         2
 Hailstorm                Conj/Ice       0%         3d3       99%         3
 Spider Form              Tmut/Pois      0%         N/A       99%         3
 Volatile Blastmotes      Fire/Tloc      0%         2d10      99%         3
 Plasma Beam              Fire/Air       0%         2x1d11    100%        6


Dungeon Overview and Level Annotations

Branches:
Dungeon (2/15)

Altars:

Shops:
D:1 [


Innate Abilities, Weirdness & Mutations

A demonic guardian rushes to your aid.


Message History

The gnoll shouts!
You hit the adder.
The adder is poisoned.
The adder is lightly wounded.
The adder closely misses you.
A gnoll comes into view. It is wielding a +0 whip.
You miss the adder.
The adder is lightly wounded.
You block the adder's attack. The gnoll barely misses you.
You hit the adder.
The adder looks as sick as possible!
The adder is heavily wounded.
You block the adder's attack. The adder misses you.
The gnoll completely misses you.
You hit the adder.
The adder looks as sick as possible!
The adder is almost dead.
You kill the adder!
The gnoll hits you but does no damage.
You have reached level 3!
Your experience leads to an increase in your attributes!
Increase (S)trength, (I)ntelligence, or (D)exterity?
You feel stronger. x2; Your demonic ancestry asserts itself...
Your guardian grows in power.
The gnoll hits you with a +0 halberd. The gnoll closely misses you.
You hit the gnoll.
The gnoll is poisoned.
The gnoll is moderately wounded.
The gnoll hits you with a +0 halberd! The gnoll misses you.
The gnoll barely misses you.
You hit the gnoll.
The gnoll looks as sick as possible!
The gnoll is heavily wounded.
The gnoll closely misses you. The gnoll hits you but does no damage.
You closely miss the gnoll.
The gnoll is severely wounded.
The gnoll hits you with a +0 halberd!
* * * LOW HITPOINT WARNING * * *
A demonic guardian appears!
The gnoll hits you with a +3 vampiric whip.
* * * LOW HITPOINT WARNING * * *
You hit the gnoll but do no damage.
The gnoll is poisoned.
You kill the gnoll!
The gnoll hits you with a +0 halberd!
You die...

..###.###. ........#
#.......# #.......#
.## #.......# ...
#.4.:...##.####.####
#.gg................
#.)@g...# ........#
#.......# #.......
#.......# #.....
#.......# #.....
###.##### #...<†
###.# #####.#...
#...# ##.........
#.### #......#...
#.########..#####...


You could see 3 gnolls and a friendly ice devil (summoned).

Vanquished Creatures
  A gnoll (D:2)
  An adder (D:2)
  A worm (D:2)
  A dart slug (D:1)
  An endoplasm (D:1)
  A giant cockroach (D:2)
  5 hobgoblins
  3 ball pythons
  2 frilled lizards (D:1)
  A goblin (D:1)
  6 kobolds
  A rat (D:2)
24 creatures vanquished.

Notes
Turn   | Place    | Note
-------+----------+-------------------------------------------
     0 | D:1      | Martska the Demonspawn Fighter began the quest for the Orb.
     0 | D:1      | Reached XP level 1. HP: 18/18 MP: 1/1
   100 | D:1      | You fall into a shaft and drop 1 floor!
   181 | D:1      | Gained mutation: A weak demonic guardian rushes to your
                  | aid. [demonic ancestry]
   181 | D:1      | Reached XP level 2. HP: 24/24 MP: 2/2
   207 | D:1      | Got the Grimoire of the Smouldering Serac
   245 | D:1      | Found a faded altar of an unknown god.
   296 | D:1      | Found Moheomp's Armour Boutique.
   404 | D:1      | Reached skill level 1 in Dodging
  1217 | D:2      | Gained mutation: A demonic guardian rushes to your aid.
                  | [demonic ancestry]
  1217 | D:2      | Reached XP level 3. HP: 29/29 MP: 3/3
  1220 | D:2      | HP: 1/29 [gnoll/+3 vampiric whip (6)]
  1221 | D:2      | Mangled by a gnoll

Illustrated notes

Levels and vault maps discovered:
D:1:      dpeg_arrival_renting, layout_basic, serial_shops,
          nicolae_shop_peninsula, shapermc_ecumenical_altar_ellora
D:2:      layout_rooms, serial_shops, nicolae_shop_crystal, uniq_robin

Skill      XL: |  1  2 |
---------------+-------+-----
Dodging        | 1 |  1.4
Fighting       | |  3.4
Polearms       | |  1.7
Armour         | |  2.9
Shields        | |  2.9

Action                     || total
---------------------------++-------
  Melee: Trident           ||    44
         Dagger            ||    27
 Armour: Scale mail        ||    24
  Dodge: Dodged            ||    23
  Block: Buckler           ||    10
